Map: 하드와이어 - 래더

Players

SpeCial - Winner!

  • Race: Terran Terran
  • League: Master

DRG

  • Race: Zerg Zerg

Event: DreamHack SC2 Masters Last Chance 2022

VOD

Have the link to the VOD?

Description

Time

  • Played on: Dec. 19, 2021, 9:47 p.m.
  • Length: 20:03

All games in this series

Show
View Real Time Build Order
Export as new Build Order

SpeCial Terran - Winner!

Build Orders: 2 Factory, Reaper Expand, Mech 

Get SALT Encoding   

  12  0:00  SCV  
  13  0:12  SCV  
  14  0:17  Supply Depot  
  14  0:24  SCV  
  15  0:39  SCV  
  15  0:40  Barracks  
  16  0:43  Refinery  
  16  0:51  SCV  
  17  1:03  SCV  
  18  1:15  SCV  
  19  1:27  Orbital Command  
  19  1:28  Reaper  
  20  1:39  Command Center  
  20  1:48  Supply Depot  
  20  1:53  SCV  
  21  1:59  Marine  
  22  2:05  SCV  
  23  2:12  Factory  
  23  2:17  SCV  
  25  2:24  Barracks Reactor  
  25  2:30  SCV  
  25  2:37  Command Center  
  25  2:42  SCV  
  26  2:50  Orbital Command  
  26  2:54  SCV  
  27  3:03  Factory  
  27  3:06  SCV  
  27  3:07  Refinery  
  27  3:09  Hellion  
  30  3:14  Hellion  
  30  3:17  SCV  
  30  3:18  SCV  
  30  3:19  Marine  
  34  3:29  SCV  
  34  3:30  SCV  
  34  3:32  Hellion  
  38  3:35  Hellion  
  38  3:37  Starport  
  38  3:38  Marine  
  41  3:43  SCV x2  
  41  3:46  Factory Tech Lab  
  43  3:51  Orbital Command  
  43  3:55  SCV x2  
  45  4:00  Hellion  
  45  4:01  Hellion  
  49  4:07  Hellion, Infernal Pre-Igniter  
  52  4:10  SCV x2  
  52  4:13  Orbital Command  
  52  4:16  Viking  
  55  4:19  Barracks Tech Lab  
  55  4:22  Supply Depot  
  55  4:24  SCV x2  
  57  4:28  Hellion x2  
  61  4:39  Supply Depot  
  61  4:43  Hellion, Supply Depot, SCV x2  
  61  4:45  SCV  
  66  4:46  Medivac  
  68  4:56  SCV  
  69  5:00  SCV x2  
  69  5:01  Hellion x2, Supply Depot  
  69  5:06  Supply Depot  
  75  5:08  SCV  
  75  5:12  SCV x2  
  75  5:18  Hellion  
  75  5:19  Refinery x2  
  75  5:20  SCV  
  78  5:22  Hellion x2  
  78  5:24  SCV x2  
  84  5:30  Armory  
  84  5:31  Supply Depot  
  84  5:32  SCV, Factory  
  85  5:37  SCV x2  
  85  5:42  Hellion  
  89  5:43  Hellion  
  89  5:44  SCV  
  89  5:45  Hellion  
  89  5:49  SCV x2  
  96  5:56  SCV  
  97  6:01  SCV x2  
  97  6:02  Engineering Bay  
  97  6:08  Hellion x2, SCV  
  97  6:09  Siege Tank  
  105  6:13  SCV x2  
  105  6:15  Starport Tech Lab  
  97  6:20  SCV  
  97  6:21  Refinery  
  97  6:22  Terran Vehicle Weapons Level 1, Refinery  
  97  6:25  SCV x2  
  100  6:31  Factory  
  99  6:32  SCV  
  99  6:33  Hellion x2, Factory  
  99  6:35  Siege Tank  
  99  6:36  Banshee  
  99  6:38  SCV x2  
  109  6:45  SCV  
  109  6:46  Hyperflight Rotors  
  110  6:50  SCV x2  
  110  6:52  Orbital Command  
  110  6:53  Hellion x9  
  110  6:55  Hellion x2  
  110  6:56  Siege Tank  
  117  7:03  SCV  
  117  7:04  Supply Depot  
  117  7:06  Supply Depot  
  117  7:09  Supply Depot, SCV  
  117  7:15  SCV  
  116  7:16  Siege Tank  
  116  7:18  SCV  
  116  7:21  SCV  
  117  7:26  Banshee  
  117  7:27  SCV  
  117  7:28  Supply Depot  
  121  7:31  Siege Tank  
  121  7:32  Hellion x2, Factory Tech Lab, Factory Reactor  
  122  7:46  SCV  
  122  7:49  Refinery  
  122  7:50  Siege Tank  
  122  7:51  Siege Tank, Refinery  
  120  7:53  Hellion x2  
  120  7:57  Command Center, SCV x2  
  129  8:00  SCV  
  126  8:08  Supply Depot  
  126  8:09  Missile Turret  
  126  8:11  Banshee  
  127  8:13  Hellion x2  
  127  8:14  Missile Turret  
  127  8:15  Siege Tank, Hellion x2  
  136  8:22  Siege Tank  
  135  8:28  Supply Depot  
  135  8:32  Supply Depot  
  133  8:36  Hellion x4  
  133  8:37  Terran Vehicle Weapons Level 2  
  133  8:39  SCV x3  
  133  8:40  Armory  
  144  8:45  Siege Tank  
  141  8:54  Cloaking Field, Missile Turret  
  139  8:56  Banshee, Command Center  
  139  8:57  Hellion x2  
  139  8:58  Hellion  
  146  9:06  Hellion  
  146  9:07  Hellion  
  146  9:08  Sensor Tower  
  148  9:11  Siege Tank  
  151  9:20  Hellion x3  
  160  9:24  Siege Tank  
  160  9:27  Barracks  
  160  9:32  Refinery  
  160  9:33  Supply Depot  
  160  9:34  Command Center  
  160  9:35  Command Center  
  160  9:36  Refinery  
  155  9:40  Siege Tank  
  155  9:41  Hellion  
  155  9:43  Siege Tank  
  155  9:44  Hellion  
  160  9:47  Hellion  
  160  9:49  Banshee  
  160  9:57  SCV  
  161  10:01  Siege Tank, Hellion  
  161  10:02  Hellion  
  161  10:05  Hellion  
  157  10:08  Planetary Fortress  
  157  10:10  SCV x2  
  157  10:13  Terran Vehicle And Ship Armor Level 1  
  159  10:19  Hellion  
  161  10:23  Siege Tank, Hellion  
  161  10:24  Hellion  
  161  10:27  Hellion  
  170  10:32  Mag-Field Accelerator  
  170  10:34  Factory x2  
  170  10:36  SCV x2, Factory  
  170  10:37  Missile Turret, SCV  
  170  10:39  Missile Turret  
  170  10:41  Hellion  
  175  10:44  Hellion  
  175  10:45  Hellion  
  175  10:48  Siege Tank x2  
  182  10:51  Hellion  
  184  10:58  Banshee  
  184  10:59  Hellion  
  187  11:11  Hellion  
  187  11:14  Hellion x2  
  176  11:18  Terran Vehicle Weapons Level 3  
  176  11:20  Siege Tank  
  176  11:23  Factory Tech Lab x2  
  176  11:24  Siege Tank x2  
  185  11:26  Hellion  
  185  11:27  Command Center  
  187  11:33  Factory Tech Lab  
  187  11:36  Hellion  
  187  11:38  Hellion  
  184  11:42  Siege Tank  
  184  11:44  Hellion  
  184  11:46  Hellion  
  168  11:49  Banshee, Hellion  
  168  11:52  Siege Tank  
  168  11:53  SCV x2  
  153  11:55  Hellion  
  153  11:56  Hellion, Cyclone  
  149  12:12  Siege Tank, Smart Servos  
  149  12:15  Hellion x3, Cyclone  
  156  12:20  Siege Tank  
  148  12:23  Hellion  
  148  12:29  Terran Vehicle And Ship Armor Level 2  
  148  12:31  Hellion  
  148  12:32  Banshee  
  153  12:39  Hellion  
  153  12:43  Siege Tank  
  131  12:53  Siege Tank  
  131  12:54  Siege Tank, Hellion  
  133  13:00  Hellion  
  133  13:02  Siege Tank, Hellion  
  126  13:06  Hellion  
  126  13:08  Planetary Fortress  
  126  13:10  Hellion x2  
  121  13:14  Banshee  
  121  13:19  Missile Turret x2  
  124  13:24  Cyclone  
  127  13:30  Hellion x2  
  130  13:34  Missile Turret  
  130  13:36  Refinery x2  
  110  13:52  Cyclone x2  
  102  13:57  Banshee  
  102  13:59  Hellion  
  101  14:04  Hellion x2, Cyclone x2  
  101  14:08  Hellion  
  101  14:09  Cyclone  
  116  14:13  Hellion  
  116  14:15  Orbital Command  
  118  14:22  Hellion  
  120  14:24  Cyclone x2  
  126  14:37  Supply Depot  
  126  14:38  Supply Depot  
  126  14:43  Orbital Command  
  120  14:59  Hellion, Supply Depot  
  122  15:00  Hellion, Cyclone x2  
  122  15:01  Banshee  
  122  15:02  Siege Tank  
  130  15:09  Supply Depot  
  130  15:10  Supply Depot  
  130  15:16  Hellion x2, Cyclone  
  130  15:21  Siege Tank, Hellion  
  142  15:32  Siege Tank x2, Hellion  
  142  15:33  Hellion  
  152  15:37  Terran Vehicle And Ship Armor Level 3  
  152  15:38  Hellion x2  
  152  15:41  Hellion  
  133  15:59  Hellion x2, Cyclone x2  
  133  16:00  Cyclone  
  133  16:03  SCV x3  
  136  16:07  Sensor Tower, Missile Turret  
  136  16:11  Siege Tank x2  
  142  16:13  Hellion  
  142  16:17  Hellion  
  146  16:25  Supply Depot  
  146  16:26  Supply Depot  
  146  16:29  Raven  
  143  16:38  Hellion  
  143  16:39  Cyclone  
  139  16:40  Cyclone  
  140  16:51  Planetary Fortress  
  137  16:57  Hellion x2, Cyclone x2  
  137  16:59  Siege Tank  
  137  17:00  Siege Tank  
  153  17:04  SCV x3  
  156  17:13  Raven  
  158  17:17  Siege Tank  
  158  17:18  Hellion  
  158  17:19  Hellion  
  162  17:23  SCV  
  162  17:27  Supply Depot  
  162  17:28  Supply Depot  
  163  17:30  SCV  
  162  17:45  Refinery  
  162  17:46  Refinery  
  162  17:48  Siege Tank  
  162  17:49  Hellion x3  
  162  17:50  Siege Tank, Hellion x2  
  174  18:03  Hellion  
  161  18:06  Hellion  
  132  18:15  Hellion, Cyclone  
  123  18:22  Raven  
  123  18:26  Hellion x3, Cyclone x2, SCV  
  136  18:30  Supply Depot  
  136  18:35  Barracks  
  136  18:37  Siege Tank x2, Hellion, Ghost Academy  
  136  18:40  Hellion  
  143  18:47  Hellion x2  
  147  18:49  Hellion, Cyclone  
  144  18:58  Hellion x2  
  145  19:08  Hellion, Cyclone  
  140  19:14  Cyclone  
  138  19:23  Barracks Tech Lab  
  138  19:26  Barracks Tech Lab  
  138  19:29  Hellion  
  132  19:34  Hellion  
  132  19:36  Hellion  
Show
View Real Time Build Order
Export as new Build Order

DRG Zerg 

Build Orders: Hatch First, Swarm Host 

Get SALT Encoding   

  12  0:00  Drone  
  13  0:12  Overlord  
  13  0:17  Drone  
  14  0:30  Drone x2  
  16  0:47  Hatchery  
  15  0:51  Drone  
  15  0:54  Drone  
  17  0:58  Drone  
  18  1:08  Extractor  
  17  1:13  Spawning Pool  
  17  1:16  Drone  
  17  1:20  Drone  
  18  1:28  Drone  
  19  1:39  Drone  
  20  1:49  Drone  
  21  1:59  Queen  
  21  2:00  Zergling x4, Queen  
  27  2:10  Overlord  
  27  2:11  Zergling x2  
  28  2:20  Hatchery  
  28  2:22  Drone  
  28  2:29  Drone  
  29  2:32  Drone x2  
  31  2:38  Queen  
  33  2:44  Metabolic Boost  
  33  2:48  Overlord  
  33  2:52  Drone  
  33  2:54  Drone  
  33  2:56  Drone  
  36  3:04  Overlord  
  36  3:09  Drone x3  
  36  3:10  Drone  
  40  3:13  Drone x2  
  40  3:16  Drone  
  40  3:18  Drone  
  44  3:22  Queen  
  46  3:28  Queen  
  48  3:34  Queen  
  48  3:37  Overlord  
  48  3:39  Drone  
  51  3:42  Drone  
  51  3:43  Drone  
  51  3:45  Drone x2  
  55  3:49  Overlord  
  55  3:51  Drone  
  55  3:54  Overlord  
  56  3:57  Drone x2  
  56  4:00  Drone x2  
  59  4:05  Queen  
  59  4:07  Drone  
  59  4:09  Drone  
  63  4:12  Queen  
  65  4:17  Drone x3  
  65  4:20  Drone  
  65  4:21  Drone  
  70  4:27  Zergling x2  
  70  4:29  Roach Warren  
  70  4:30  Zergling x2  
  71  4:31  Overlord  
  71  4:33  Spore Crawler  
  71  4:34  Spore Crawler  
  71  4:35  Zergling x4  
  71  4:38  Zergling x2  
  72  4:40  Lair  
  72  4:43  Drone  
  72  4:45  Overlord  
  73  4:47  Overlord  
  73  4:51  Extractor x2  
  73  4:52  Drone x3  
  74  4:56  Zergling x2  
  74  4:57  Zergling x4  
  77  5:01  Drone x3  
  79  5:08  Drone  
  79  5:10  Drone x2  
  81  5:19  Evolution Chamber, Drone  
  81  5:20  Evolution Chamber, Drone x4  
  84  5:22  Overlord  
  84  5:24  Drone x3  
  84  5:25  Overlord  
  84  5:26  Drone  
  84  5:27  Overlord  
  84  5:28  Spore Crawler  
  87  5:31  Extractor x2  
  87  5:32  Extractor  
  87  5:33  Overlord  
  84  5:35  Drone  
  84  5:36  Drone  
  87  5:42  Roach  
  87  5:45  Roach, Glial Reconstitution  
  87  5:46  Zerg Missile Weapons Level 1  
  87  5:47  Zerg Ground Armor Level 1  
  89  5:51  Drone x4  
  89  5:56  Roach x4  
  95  5:59  Drone  
  95  6:00  Drone  
  92  6:06  Evolution Chamber, Roach x2  
  92  6:09  Evolution Chamber  
  90  6:17  Drone x4  
  82  6:22  Drone x5  
  88  6:27  Drone  
  88  6:30  Drone x2  
  88  6:31  Drone  
  91  6:34  Drone  
  91  6:36  Drone  
  93  6:41  Drone, Infestation Pit  
  93  6:46  Drone x2  
  95  6:52  Drone x2  
  95  6:53  Drone  
  98  6:55  Roach  
  98  6:56  Roach x2  
  98  7:00  Drone x4  
  108  7:02  Hatchery  
  108  7:05  Roach  
  108  7:08  Overlord  
  109  7:12  Overlord  
  109  7:15  Roach  
  107  7:19  Overlord x2  
  107  7:27  Swarm Host x4  
  119  7:41  Swarm Host x6  
  136  7:50  Drone x5  
  136  7:51  Drone  
  137  7:55  Zerg Missile Weapons Level 2  
  137  7:59  Drone x3  
  137  8:02  Overlord  
  137  8:05  Roach x2  
  144  8:08  Overlord  
  144  8:14  Overlord  
  144  8:16  Roach x3  
  144  8:17  Overlord  
  150  8:22  Roach x2  
  150  8:24  Overlord  
  154  8:30  Zerg Ground Armor Level 2  
  160  8:34  Roach x3  
  160  8:46  Drone x3  
  160  8:47  Drone  
  159  8:50  Roach x7  
  159  8:54  Ravager x2  
  159  8:55  Ravager x4  
  179  9:04  Roach x6  
  179  9:08  Overseer  
  191  9:16  Swarm Host x2  
  176  9:22  Drone x4  
  180  9:24  Zergling x2  
  180  9:25  Zergling x4  
  180  9:26  Spore Crawler, Extractor  
  180  9:27  Extractor  
  172  9:40  Roach  
  172  9:41  Roach x8  
  168  9:47  Drone x6  
  169  9:55  Roach x4  
  170  10:03  Roach x4  
  162  10:07  Drone x3  
  162  10:11  Overseer  
  162  10:12  Pneumatized Carapace  
  162  10:13  Overseer  
  157  10:14  Swarm Host  
  157  10:18  Drone x3  
  160  10:26  Swarm Host x3  
  167  10:33  Ravager x3  
  167  10:34  Ravager  
  171  10:40  Spore Crawler  
  171  10:41  Spore Crawler  
  169  10:43  Ravager x3  
  169  10:44  Spore Crawler x2  
  169  10:48  Spore Crawler  
  167  10:50  Roach x5  
  177  11:03  Drone x2  
  164  11:15  Roach  
  164  11:16  Roach x11  
  161  11:22  Hydralisk Den  
  161  11:24  Spore Crawler  
  154  11:26  Roach x2  
  154  11:27  Ravager x2  
  154  11:30  Roach  
  149  11:49  Roach x8  
  138  11:56  Roach x5  
  132  12:06  Roach x4  
  139  12:15  Roach x4  
  136  12:17  Ravager x4  
  136  12:20  Ravager  
  136  12:21  Ravager x3  
  144  12:27  Drone x4  
  142  12:41  Roach x5  
  143  12:46  Roach  
  143  12:47  Roach  
  143  12:50  Extractor  
  146  12:51  Extractor  
  137  12:58  Overlord  
  137  12:59  Overseer x3  
  122  13:08  Roach x5  
  122  13:14  Roach x2  
  129  13:20  Ravager x6  
  129  13:27  Roach  
  129  13:28  Roach x3  
  137  13:37  Overseer  
  137  13:38  Overseer x2  
  131  13:45  Roach  
  131  13:46  Roach x6  
  127  13:54  Roach x3  
  119  13:57  Roach  
  118  14:06  Ravager x4  
  118  14:08  Ravager  
  123  14:11  Roach x4  
  123  14:16  Roach  
  133  14:22  Roach x3  
  139  14:38  Roach x4  
  144  14:50  Roach x5  
  136  14:56  Grooved Spines  
  132  15:01  Hydralisk x2  
  132  15:07  Hydralisk x2  
  136  15:09  Overseer  
  134  15:15  Hive  
  134  15:18  Hydralisk  
  136  15:23  Hydralisk x2  
  140  15:31  Overseer  
  140  15:36  Hydralisk x3  
  146  15:49  Hydralisk x4  
  140  15:52  Overseer  
  140  15:56  Overseer, Overlord  
  132  16:00  Hydralisk x2  
  122  16:23  Hatchery  
  121  16:28  Viper x3  
  121  16:29  Viper x2  
  136  16:39  Muscular Augments  
  122  16:42  Zerg Missile Weapons Level 3  
  122  16:45  Roach x3  
  124  16:48  Overseer x2  
  122  16:55  Roach  
  122  16:56  Roach x2  
  122  16:58  Overlord  
  125  17:02  Overlord  
  125  17:05  Overlord  
  125  17:07  Roach  
  127  17:13  Drone x4  
  124  17:23  Roach x4  
  132  17:31  Drone x5  
  136  17:38  Spore Crawler  
  136  17:41  Roach x2  
  136  17:42  Roach  
  141  17:46  Drone x2  
  143  17:55  Roach x3  
  145  18:03  Viper x2  
  126  18:17  Roach x6  
  118  18:23  Roach x2  
  118  18:28  Drone x3  
  118  18:33  Roach  
  118  18:34  Roach  
  115  18:44  Hydralisk x2  
  118  18:52  Hydralisk x3  
  122  19:06  Hydralisk x3  
  115  19:19  Roach x2  
  115  19:20  Roach  
  115  19:32  Roach x2  

Tags
 
Add a new tag
Caveats
  • Supply blocks, unpowered buildings, or Contaminate may cause inaccurate times.
  • Supply counts are checked every 10 seconds.